 Dungeon Crawl Stone Soup version 0.27-a0-1384-g1422d76b99 (webtiles) character file.

Game seed: 12682983653477832158

54 Gwenloh the Caller (level 3, -5/24 HPs)
             Began as a Merfolk Summoner on June 30, 2021.
             Slain by a scorpion (7 damage)
             ... on level 3 of the Dungeon.
             The game lasted 00:11:05 (2908 turns).

Gwenloh the Caller (Merfolk Summoner)               Turns: 2908, Time: 00:11:06

Health: -5/24      AC:  3    Str:  8    XL:     3   Next: 91%
Magic:  0/7        EV: 12    Int: 15    God:
Gold:   105        SH:  0    Dex: 14    Spells: 1/7 levels left

rFire    . . .     SeeInvis .   k - +0 dagger
rCold    . . .     Faith    .   (no shield)
rNeg     . . .     Spirit   .   a - +0 robe
rPois    .         Reflect  .   b - +0 helmet
rElec    .         Harm     .   (no cloak)
rCorr    .         Rampage  .   (no gloves)
Will     .....                  (no boots)
Stlth    ++........             (no amulet)
HPRegen  0.08/turn              (no ring)
MPRegen  0.10/turn              (no ring)

@: no status effects
A: (nimble swimmer 2), mertail
a: no special abilities


You were on level 3 of the Dungeon.
You visited 1 branch of the dungeon, and saw 3 of its levels.

You collected 105 gold pieces.

Inventory:

Hand Weapons
 c - a +0 whip
 k - a +0 dagger (weapon)
Missiles
 d - 87 stones (quivered)
 l - 5 boomerangs
Armour
 a - a +0 robe (worn)
 b - a +0 helmet (worn)
Scrolls
 e - a scroll of identify {unknown}
 f - a scroll of amnesia {unknown}
 g - a scroll of teleportation {unknown}
 i - a scroll of blinking {unknown}
Potions
 j - a potion of curing {unknown}


   Skills:
 - Level 2.6 Dodging
 - Level 2.1 Stealth
 + Level 2.6 Spellcasting
 * Level 5.0 Summonings


You had one spell level left.
You knew the following spells:

 Your Spells              Type           Power      Damage    Failure   Level
a - Summon Small Mammal   Summ           68%        N/A       2%          1
b - Call Imp              Summ           17%        N/A       4%          2
c - Call Canine Familiar  Summ           17%        N/A       8%          3

Your spell library contained the following spells:

 Spells                   Type           Power      Damage    Failure   Level
 Summon Guardian Golem    Hex/Summ       9%         N/A       22%         3
 Summon Ice Beast         Ice/Summ       9%         N/A       58%         4
 Summon Lightning Spire   Summ/Air       9%         N/A       58%         4


Dungeon Overview and Level Annotations

Branches:
Dungeon (3/15)

Altars:
Gozag

Annotations:
D:3 3 runed translucent doors, Brandom's ghost, amateur HuDe


Innate Abilities, Weirdness & Mutations

((You are quick and stealthy near water. (Stealth+, EV+, Speed+++)))
Your lower body shifts to a powerful aquatic tail in water.


Message History

* * * LOW HITPOINT WARNING * * *
You are more poisoned.
The scorpion poisons you!
Your crimson imp blinks!
Your hound bites the scorpion but does no damage.
Your rat barely misses the scorpion.
It was a potion of heal wounds.
You feel much better.
You feel very sick. The scorpion closely misses you.
Your hound bites the scorpion but does no damage.
Your rat barely misses the scorpion.
You feel very sick.
Your hound closely misses the scorpion.
The scorpion closely misses your hound.
Your hound closely misses the scorpion.
You feel very sick. The scorpion barely misses your rat.
Your crimson imp blinks!
Your rat barely misses the scorpion.
The scorpion stings your rat.
Your rat dies!
Your rat's corpse disappears in a puff of smoke!
You feel sick.
You feel sick.
You feel sick.
Your crimson imp blinks!
* * * LOW HITPOINT WARNING * * *
You feel sick. The scorpion closely misses you.
You feel sick. The scorpion closely misses you.
Casting: Call Imp (safe; 4% risk of failure)
Confirm with . or Enter, or press ? or * to list all spells.
The spell is quite dangerous to cast (8% risk of failure)!
Continue anyway?
You feel sick.
The scorpion stings you but does no damage.
You feel sick.
You feel sick.
You are no longer poisoned.
Your crimson imp hits the scorpion.
Your hound closely misses the scorpion.
You barely miss the scorpion.
The scorpion is almost dead.
The scorpion stings you!
You die...

.##....# ......+
#....# # # +....+ #.
#.#....#####
...#.#........#
#(...........#
####....5h.#..#
.......@s.....#+####
####.#.###..........
# #...........##.#
#†....†.........
#.######.....#.
#.....<......#
..................#
####..............#
....#########.##.#


You could see a scorpion (ally target), a friendly hound (summoned) and a
friendly crimson imp (summoned).

Vanquished Creatures
  2 adders
  2 dart slugs
  3 bats (D:1)
  An endoplasm (D:2)
  2 giant cockroaches
  6 goblins
  5 hobgoblins
  3 kobolds
  A quokka (D:1)
  A ball python (D:2)
  4 frilled lizards
  4 rats
34 creatures vanquished.

Vanquished Creatures (collateral kills)
  An endoplasm (D:2)
  A frilled lizard (D:2)
2 creatures vanquished.

Grand Total: 36 creatures vanquished

Notes
Turn   | Place    | Note
-------+----------+-------------------------------------------
     0 | D:1      | Gwenloh the Merfolk Summoner began the quest for the Orb.
     0 | D:1      | Reached XP level 1. HP: 13/13 MP: 3/3
   246 | D:1      | Reached XP level 2. HP: 19/19 MP: 5/5
   262 | D:1      | Learned a level 2 spell: Call Imp
   749 | D:1      | Reached XP level 3. HP: 24/24 MP: 6/6
  1035 | D:1      | Learned a level 3 spell: Call Canine Familiar
  2271 | D:2      | Found a faded altar of an unknown god.
  2416 | D:3      | Found a runed translucent gate.
  2417 | D:3      | Found a runed translucent gate.
  2417 | D:3      | Found a runed translucent gate.
  2418 | D:3      | Found an opulent altar of Gozag.
  2419 | D:3      | Noticed Brandom's ghost (amateur HuDe)
  2419 | D:3      | Noticed a centaur
  2419 | D:3      | Noticed an ogre
  2697 | D:3      | Reached skill level 5 in Summonings
  2874 | D:3      | Noticed a scorpion
  2908 | D:3      | Slain by a scorpion

Illustrated notes

Levels and vault maps discovered:
D:1:      minmay_arrival_shoal_huts, layout_basic
D:2:      layout_basic, basic_ecumenical_altar
D:3:      layout_basic, nicolae_overflow_hidden_temple, ebering_ghost_gozag,
          minmay_hedge_maze

Skill      XL: |  1  2  3 |
---------------+----------+-----
Summonings     | 5 |  5.0
Dodging        | |  2.6
Stealth        | |  2.1
Spellcasting   | |  2.6

Action                   || total
-------------------------++-------
Melee: Unarmed           ||    13
       Whip              ||    80
       Tailslap          ||     5
       Dagger            ||    40
Throw: Stone             ||     2
 Cast: Summon Small Mamm ||     4
       Call Canine Famil ||     6
       Call Imp          ||     2
  Use: Potion            ||     1
 Stab: Sleeping          ||     8
       Distracted        ||     1
Armor: Robe              ||    22
Dodge: Dodged            ||    71

Table legend: (Time is in decaauts)
 A = Elapsed time spent in this place.
 B = Non-inter-level travel time spent in this place.
 C = Inter-level travel time spent in this place.
 D = Time resting spent in this place.
 E = Time spent auto-exploring this place.
 F = Levels seen in this place.
 G = Mean time per level.
                   A        B        C        D        E       F      G
               +--------+--------+--------+--------+--------+-----+--------+
         Total |   2859 |   2586 |    273 |    634 |   1055 |   3 |  953.0 |
       Dungeon |   2859 |   2586 |    273 |    634 |   1055 |   3 |  953.0 |
               +--------+--------+--------+--------+--------+-----+--------+

Top non-repeatable levels by time:
     D:2: 1335 daAuts
     D:1: 1207 daAuts
     D:3: 316 daAuts
